TOP OF THE 1ST |
Nashua Redlegs batting - Pitching for Athens Assassins : RHP Cisco López
|
Pitching: RHP Cisco López
|
|
Batting: LHB Bob Campbell
|
0-0: Ball 1-0: Ground out 6-3 (Groundball, 56)
|
Batting: RHB John Newman
|
0-0: Foul Ball, location: 2F 0-1: Foul Ball, location: 2F 0-2: SINGLE (Line Drive, 8LS)
|
Batting: RHB Bob Fitzgerald
|
0-0: Ball 1-0: Foul Ball, location: 2F 1-1: Ball 2-1: Called Strike 2-2: Foul Ball, location: 2F 2-2: Ground out 5-3 (Groundball, 56S) John Newman to second
|
Batting: RHB José Zumaya
|
0-0: DOUBLE (Line Drive, 7LM) John Newman scores
|
Batting: RHB Katsuhito Ohayashi
|
0-0: Ball 1-0: Ball 2-0: Ball 3-0: Called Strike 3-1: Base on Balls
|
Batting: RHB Clancy Castro
|
0-0: Ground out 4-3 (Groundball, 4M)
|
Top of the 1st over - 1 run(s), 2 hit(s), 0 error(s), 2 left on base; Nashua 1 - Athens 0 |
BOTTOM OF THE 1ST |
Athens Assassins batting - Pitching for Nashua Redlegs : RHP Raúl García
|
Pitching: RHP Raúl García
|
|
Batting: SHB José Estreito
|
0-0: Ball 1-0: Ball 2-0: Fly out, F9 (Flyball, 9LMF)
|
Batting: RHB Alexander Barr
|
0-0: Called Strike 0-1: Foul Ball, location: 2F 0-2: Foul Ball, location: 2F 0-2: Ball 1-2: Ball 2-2: Foul Ball, location: 2F 2-2: Ball 3-2: TRIPLE (Flyball, 9LM)
|
Batting: RHB Foster Hapgood
|
0-0: Fly out, F8 (Flyball, 8LD) Runner from 3rd tags up, SCORES, no throw
|
Batting: RHB Bernardo Corona
|
0-0: Fly out, F7 (Flyball, 78M)
|
Bottom of the 1st over - 1 run(s), 1 hit(s), 0 error(s), 0 left on base; Nashua 1 - Athens 1 |
TOP OF THE 2ND |
Nashua Redlegs batting - Pitching for Athens Assassins : RHP Cisco López
|
Batting: RHB Alan Evans
|
0-0: Called Strike 0-1: Fly out, F9 (Flyball, 9LS)
|
Batting: RHB Carlos Villagrama
|
0-0: Fly out, F9 (Flyball, 9)
|
Batting: RHB Ánibal Barrios
|
0-0: Bunt missed! 0-1: Ball 1-1: Ball 2-1: Called Strike 2-2: Foul Ball, location: 2F 2-2: Strikes out swinging
|
Top of the 2nd over - 0 run(s), 0 hit(s), 0 error(s), 0 left on base; Nashua 1 - Athens 1 |
BOTTOM OF THE 2ND |
Athens Assassins batting - Pitching for Nashua Redlegs : RHP Raúl García
|
Batting: LHB Milo Glenn
|
0-0: Ball 1-0: Foul Ball, location: 2F 1-1: Swinging Strike 1-2: Ball 2-2: Foul Ball, location: 2F 2-2: SINGLE (Line Drive, 5S)
|
Batting: RHB Emílio García
|
0-0: Swinging Strike 0-1: Called Strike 0-2: Strikes out looking
|
Batting: RHB Randall Walker
|
0-0: Ball 1-0: Ball 2-0: Fly out, F7 (Flyball, 7S)
|
Batting: RHB Jorge Loanos
|
0-0: Foul Ball, location: 2F 0-1: Ball 1-1: Ball 2-1: Called Strike 2-2: Foul Ball, location: 2F 2-2: Foul Ball, location: 2F 2-2: Ball 3-2: Strikes out looking
|
Bottom of the 2nd over - 0 run(s), 1 hit(s), 0 error(s), 1 left on base; Nashua 1 - Athens 1 |
TOP OF THE 3RD |
Nashua Redlegs batting - Pitching for Athens Assassins : RHP Cisco López
|
Batting: LHB Bob Campbell
|
0-0: Called Strike 0-1: SINGLE (Line Drive, 6MD)
|
Batting: RHB John Newman
|
0-0: Fielders Choice at 2nd, 5-4 (Groundball, 56)
|
Batting: RHB Bob Fitzgerald
|
0-0: Called Strike 0-1: Ball 1-1: Foul Ball, location: 2F 1-2: Ball John Newman is caught stealing 2nd base 2-2: Strikes out swinging
|
Top of the 3rd over - 0 run(s), 1 hit(s), 0 error(s), 0 left on base; Nashua 1 - Athens 1 |
BOTTOM OF THE 3RD |
Athens Assassins batting - Pitching for Nashua Redlegs : RHP Raúl García
|
Batting: LHB Miguel García
|
0-0: Foul Ball, location: 2F 0-1: Called Strike 0-2: SINGLE (Line Drive, 8RS)
|
Batting: SHB José Estreito
|
0-0: Ball 1-0: Called Strike 1-1: Ball 2-1: SINGLE (Flyball, 89S) Miguel García to second Runner from 2nd tries for 3rd, SAFE, no throw
|
Batting: RHB Alexander Barr
|
0-0: Ball 1-0: Grounds into double play, 4-6-3 (Groundball, 34) Miguel García scores
|
Batting: RHB Foster Hapgood
|
0-0: Called Strike 0-1: Ball 1-1: Foul Ball, location: 2F 1-2: SINGLE (Line Drive, 34D)
|
Batting: RHB Bernardo Corona
|
0-0: Ball 1-0: Foul Ball, location: 2F 1-1: Ball 2-1: Ball 3-1: Called Strike 3-2: Base on Balls Foster Hapgood to second
|
Batting: LHB Milo Glenn
|
0-0: Ball 1-0: Called Strike 1-1: SINGLE (Groundball, 34D) Foster Hapgood to third Bernardo Corona to second Runner from 3rd tries for Home, SAFE, no throw
|
Batting: RHB Emílio García
|
0-0: Hit by Pitch Bernardo Corona to third Milo Glenn to second
|
Batting: RHB Randall Walker
|
0-0: Ball 1-0: Fly out, F7 (Line Drive, 7)
|
Bottom of the 3rd over - 2 run(s), 4 hit(s), 0 error(s), 3 left on base; Nashua 1 - Athens 3 |
TOP OF THE 4TH |
Nashua Redlegs batting - Pitching for Athens Assassins : RHP Cisco López
|
Batting: RHB José Zumaya
|
0-0: Called Strike 0-1: Ball 1-1: Ball 2-1: Ground out 4-3 (Groundball, 4)
|
Batting: RHB Katsuhito Ohayashi
|
0-0: Foul Ball, location: 2F 0-1: Foul Ball, location: 2F 0-2: Ground out 6-3 (Groundball, 6)
|
Batting: RHB Clancy Castro
|
0-0: Called Strike 0-1: Ball 1-1: Swinging Strike 1-2: Fly out, F8 (Flyball, 8LS)
|
Top of the 4th over - 0 run(s), 0 hit(s), 0 error(s), 0 left on base; Nashua 1 - Athens 3 |
BOTTOM OF THE 4TH |
Athens Assassins batting - Pitching for Nashua Redlegs : RHP Raúl García
|
Batting: RHB Jorge Loanos
|
0-0: DOUBLE (Line Drive, 7LM)
|
Batting: LHB Miguel García
|
0-0: Ball 1-0: Called Strike 1-1: Ground out 4-3 (Groundball, 4) Jorge Loanos to third
|
Batting: SHB José Estreito
|
0-0: Ball 1-0: Ball 2-0: Ball 3-0: Base on Balls
|
Batting: RHB Alexander Barr
|
0-0: Called Strike 0-1: Ball 1-1: Ball 2-1: Fly out, F8 (Flyball, 8LM) Runner from 3rd tags up, SCORES, no throw
|
Batting: RHB Foster Hapgood
|
0-0: Ball José Estreito is caught stealing 2nd base
|
Bottom of the 4th over - 1 run(s), 1 hit(s), 0 error(s), 0 left on base; Nashua 1 - Athens 4 |
TOP OF THE 5TH |
Nashua Redlegs batting - Pitching for Athens Assassins : RHP Cisco López
|
Batting: RHB Alan Evans
|
0-0: Ball 1-0: Swinging Strike 1-1: SINGLE (Line Drive, 89M)
|
Batting: RHB Carlos Villagrama
|
0-0: Ball 1-0: SINGLE (Line Drive, 6M) Alan Evans to second
|
Batting: RHB Ánibal Barrios
|
0-0: Ball 1-0: Foul Ball, location: 2F 1-1: Called Strike 1-2: Ball 2-2: SINGLE (Line Drive, 34D) Alan Evans to third Carlos Villagrama to second
|
Batting: LHB Bob Campbell
|
0-0: Called Strike 0-1: SINGLE (Groundball, 4MD) Alan Evans scores Carlos Villagrama to third Ánibal Barrios to second
|
Batting: RHB John Newman
|
0-0: Called Strike 0-1: Ball 1-1: Called Strike 1-2: Strikes out swinging
|
Batting: RHB Bob Fitzgerald
|
0-0: Called Strike 0-1: Fly out, F8 (Flyball, 8LM) Runner from 3rd tags up, SCORES, throw made
|
Batting: RHB José Zumaya
|
0-0: Ball Wild Pitch! Ánibal Barrios to third Bob Campbell to second 1-0: SINGLE (Groundball, 6MD) Ánibal Barrios scores Bob Campbell to third Runner from 3rd tries for Home, throw and OUT!
|
Top of the 5th over - 3 run(s), 5 hit(s), 0 error(s), 1 left on base; Nashua 4 - Athens 4 |
BOTTOM OF THE 5TH |
Athens Assassins batting - Pitching for Nashua Redlegs : RHP Raúl García
|
Batting: RHB Foster Hapgood
|
0-0: Swinging Strike 0-1: Ball 1-1: DOUBLE (Groundball, 5L)
|
Batting: RHB Bernardo Corona
|
0-0: Called Strike 0-1: DOUBLE (Flyball, 89M) Foster Hapgood scores
|
Batting: LHB Milo Glenn
|
0-0: SINGLE (Line Drive, 89S) Bernardo Corona to third Runner from 3rd tries for Home, SAFE, no throw
|
Batting: RHB Emílio García
|
0-0: Ball 1-0: Ball 2-0: Ball 3-0: Called Strike 3-1: Base on Balls Milo Glenn to second
|
Batting: RHB Randall Walker
|
0-0: Ball 1-0: SINGLE (Groundball, 6MD) Milo Glenn to third Emílio García to second
|
Batting: RHB Jorge Loanos
|
0-0: Foul Ball, location: 2F 0-1: SINGLE (Groundball, 56D) Milo Glenn scores Emílio García to third Randall Walker to second
|
Pitching: RHP Jorge Vázquez
|
|
Batting: LHB Miguel García
|
0-0: Ball 1-0: Called Strike 1-1: Grounds into fielders choice 3-2 (Groundball, 3) Randall Walker to third Jorge Loanos to second
|
Batting: SHB José Estreito
|
0-0: Called Strike 0-1: Ball 1-1: Ball 2-1: Fly out, F7 (Flyball, 78M) Runner from 3rd tags up, SCORES, no throw
|
Batting: RHB Alexander Barr
|
0-0: Ball 1-0: Foul Ball, location: 2F 1-1: Foul Ball, location: 2F 1-2: Ball 2-2: Ball 3-2: Strikes out swinging
|
Bottom of the 5th over - 4 run(s), 5 hit(s), 0 error(s), 2 left on base; Nashua 4 - Athens 8 |
TOP OF THE 6TH |
Nashua Redlegs batting - Pitching for Athens Assassins : RHP Cisco López
|
Batting: RHB Katsuhito Ohayashi
|
0-0: Ball 1-0: SOLO HOME RUN (Flyball, 7LD), Distance : 356 ft
|
Batting: RHB Clancy Castro
|
0-0: Fly out, F8 (Line Drive, 8LM)
|
Batting: RHB Alan Evans
|
0-0: Ball 1-0: Swinging Strike 1-1: Swinging Strike 1-2: Strikes out swinging
|
Batting: RHB Carlos Villagrama
|
0-0: Ball 1-0: Ball 2-0: Ball 3-0: Base on Balls
|
Batting: RHB Ánibal Barrios
|
0-0: Ground out 6-3 (Groundball, 56)
|
Top of the 6th over - 1 run(s), 1 hit(s), 0 error(s), 1 left on base; Nashua 5 - Athens 8 |
BOTTOM OF THE 6TH |
Athens Assassins batting - Pitching for Nashua Redlegs : RHP Jorge Vázquez
|
Batting: RHB Foster Hapgood
|
0-0: Called Strike 0-1: Ball 1-1: Swinging Strike 1-2: Ball 2-2: Ball 3-2: Strikes out looking
|
Batting: RHB Bernardo Corona
|
0-0: Ball 1-0: Ball 2-0: Called Strike 2-1: Foul Ball, location: 2F 2-2: SINGLE (Line Drive, 7S)
|
Batting: LHB Milo Glenn
|
0-0: Ball 1-0: Called Strike 1-1: Ball 2-1: Swinging Strike 2-2: Foul Ball, location: 2F 2-2: Foul Ball, location: 2F 2-2: Foul Ball, location: 2F 2-2: Ball 3-2: Foul Ball, location: 2F 3-2: Grounds into double play, 3-6-3 (Groundball, 3)
|
Bottom of the 6th over - 0 run(s), 1 hit(s), 0 error(s), 0 left on base; Nashua 5 - Athens 8 |
TOP OF THE 7TH |
Nashua Redlegs batting - Pitching for Athens Assassins : RHP Cisco López
|
Batting: LHB Bob Campbell
|
0-0: Ball 1-0: Ball 2-0: Ground out 6-3 (Groundball, 6S)
|
Batting: RHB John Newman
|
0-0: Hit by Pitch
|
Batting: RHB Bob Fitzgerald
|
0-0: Called Strike 0-1: Ball 1-1: Called Strike 1-2: Ball 2-2: Foul Ball, location: 2F 2-2: DOUBLE (Line Drive, 7LM) John Newman to third
|
Pitching: RHP James Mantle
|
|
Batting: RHB José Zumaya
|
0-0: Called Strike 0-1: Ground out 5-3 (Groundball, 5L)
|
Batting: RHB Katsuhito Ohayashi
|
0-0: SINGLE (Flyball, 6D) John Newman scores Bob Fitzgerald to third Runner from 3rd tries for Home, SAFE, no throw
|
Pinch Hitting: SHB José Hernández
|
0-0: Called Strike 0-1: Called Strike 0-2: Strikes out looking
|
Top of the 7th over - 2 run(s), 2 hit(s), 0 error(s), 1 left on base; Nashua 7 - Athens 8 |
BOTTOM OF THE 7TH |
Athens Assassins batting - Pitching for Nashua Redlegs : RHP Jorge Vázquez
|
Now in CF: José Hernández
|
|
Batting: RHB Emílio García
|
0-0: Called Strike 0-1: Swinging Strike 0-2: Foul Ball, location: 2F 0-2: Ball 1-2: Ball 2-2: Foul Ball, location: 2F 2-2: Strikes out swinging
|
Batting: RHB Randall Walker
|
0-0: Ball 1-0: Called Strike 1-1: Foul Ball, location: 2F 1-2: Strikes out swinging
|
Pitching: LHP Keith Burns
|
|
Batting: RHB Jorge Loanos
|
0-0: Ball 1-0: DOUBLE (Flyball, 8RD)
|
Pinch Hitting: RHB Roderick Silva
|
0-0: Ball 1-0: Foul Ball, location: 2F 1-1: Foul Ball, location: 2F 1-2: Foul Ball, location: 2F 1-2: DOUBLE (Line Drive, 7LM) Jorge Loanos scores
|
Batting: SHB José Estreito
|
0-0: Ball 1-0: Foul Ball, location: 2F 1-1: Ball 2-1: Swinging Strike 2-2: Ball 3-2: Base on Balls
|
Batting: RHB Alexander Barr
|
0-0: Ball 1-0: Ball 2-0: Called Strike 2-1: Called Strike 2-2: Ball 3-2: Foul Ball, location: 2F 3-2: Base on Balls Roderick Silva to third José Estreito to second
|
Batting: RHB Foster Hapgood
|
0-0: Ball 1-0: Called Strike 1-1: Foul Ball, location: 2F 1-2: Strikes out swinging
|
Bottom of the 7th over - 1 run(s), 2 hit(s), 0 error(s), 3 left on base; Nashua 7 - Athens 9 |
TOP OF THE 8TH |
Nashua Redlegs batting - Pitching for Athens Assassins : RHP James Mantle
|
Now at 2B: James Anderson
|
|
Batting: RHB Alan Evans
|
0-0: Foul Ball, location: 2F 0-1: Ball 1-1: Ground out 5-3 (Groundball, 56S)
|
Batting: RHB Carlos Villagrama
|
0-0: Foul Ball, location: 2F 0-1: Called Strike 0-2: Ground out 4-3 (Groundball, 4)
|
Batting: RHB Ánibal Barrios
|
0-0: Foul Ball, location: 2F 0-1: Ball 1-1: Swinging Strike 1-2: Strikes out swinging
|
Top of the 8th over - 0 run(s), 0 hit(s), 0 error(s), 0 left on base; Nashua 7 - Athens 9 |
BOTTOM OF THE 8TH |
Athens Assassins batting - Pitching for Nashua Redlegs : LHP Keith Burns
|
Batting: RHB Bernardo Corona
|
0-0: Ball 1-0: Ball 2-0: Called Strike 2-1: Ball 3-1: Base on Balls
|
Batting: LHB Milo Glenn
|
0-0: SINGLE (Flyball, 8RS) Bernardo Corona to second Runner from 2nd tries for 3rd, SAFE, throw made to third Milo Glenn to second
|
Batting: RHB Emílio García
|
0-0: Intentional Walk
|
Pinch Hitting: RHB Pedro Tapia
|
0-0: Called Strike 0-1: SINGLE (Groundball, 56D) Bernardo Corona scores Milo Glenn to third Emílio García to second Runner from 3rd tries for Home, SAFE, no throw
|
Pitching: RHP Samuel Farrell
|
|
Batting: RHB Jorge Loanos
|
0-0: Fielders Choice at 2nd, 1-6 (Groundball, 13S) Emílio García to third
|
Batting: RHB James Anderson
|
0-0: Foul Ball, location: 2F 0-1: Ball Jorge Loanos is caught stealing 2nd base 1-1: Ball 2-1: Ground out 4-3 (Groundball, 4)
|
Bottom of the 8th over - 2 run(s), 2 hit(s), 0 error(s), 1 left on base; Nashua 7 - Athens 11 |
TOP OF THE 9TH |
Nashua Redlegs batting - Pitching for Athens Assassins : RHP James Mantle
|
Pitching: RHP Jason Mason
|
|
Now at 1B: Justin Tomlinson
|
|
Batting: LHB Bob Campbell
|
0-0: Ball 1-0: Foul Ball, location: 2F 1-1: Foul Ball, location: 2F 1-2: Strikes out swinging
|
Batting: RHB John Newman
|
0-0: Swinging Strike 0-1: Ball 1-1: Called Strike 1-2: Fly out, F8 (Flyball, 8LS)
|
Batting: RHB Bob Fitzgerald
|
0-0: Ground out 3-1 (Groundball, 2R)
|
Top of the 9th over - 0 run(s), 0 hit(s), 0 error(s), 0 left on base; Nashua 7 - Athens 11 |
|